 Dungeon Sprint DCSS version 0.19.0-24-gb05acd6 (webtiles) character file.

3535 equalderp2856 the Ripper (level 9, 0/43 HPs)
             Began as a Felid Fighter on Nov 21, 2016.
             Slain by a manticore (12 damage)
             ... in the Dungeon (Sprint VII: "The Pits").
             The game lasted 00:12:47 (3360 turns).

equalderp2856 the Ripper (Felid Fighter)            Turns: 3360, Time: 00:12:48

Health: 0/43       AC:  2    Str: 13    XL:     9   Next: 82%
Magic:  10/10      EV: 34    Int: 14    God:
Gold:   15         SH:  0    Dex: 17    Spells: 0 memorised, 8 levels left
                                        Lives:  0   Deaths: 2

rFire  . . .     SeeInvis +       - Unarmed
rCold  . . .     Gourm    .     (armour unavailable)
rNeg   . . .     Faith    .     (shield unavailable)
rPois  .         Spirit   .     (helmet unavailable)
rElec  .         Reflect  .     (cloak unavailable)
rCorr  .         Harm     .     (gloves unavailable)
MR     +....     NoTele   +     (boots unavailable)
Stlth  ++++++++..               (no amulet)
                                m - +3 ring of intelligence
                                n - +3 ring of evasion

@: barbed spikes, quick
A: no armour, no weapons or thrown items, stealth, claws 1, fangs 3, see
invisible, carnivore 3, speed 1, shaggy fur 2, slow metabolism 1, sharp paws
a: no special abilities


You were in the Dungeon.
You were not hungry.

You visited 1 branch You collected 15 gold pieces.

Inventory:

Missiles
 q - 5 javelins
 r - 2 needles of confusion
Jewellery
 m - a +3 ring of intelligence (right paw)
 n - a +3 ring of evasion (left paw)
Scrolls
 h - a scroll of blinking
 j - 3 scrolls of remove curse
 k - 5 scrolls of amnesia
 l - a scroll of summoning
Potions
 a - a potion of might
 c - 3 potions of curing
 d - 2 potions of heal wounds
 e - 4 potions of haste
 f - 4 potions of magic
 g - 6 potions of berserk rage
 i - 2 potions of invisibility
 o - 2 potions of agility
 p - 2 potions of cure mutation
 s - 2 potions of brilliance
Comestibles
 b - 9 meat rations
 t - a beef jerky


   Skills:
 + Level 7.6 Fighting
 + Level 14.8 Dodging
 * Level 19.3 Stealth
 + Level 19.4 Unarmed Combat


You had 8 spell levels left.
You didn't know any spells.

Dungeon Overview and Level Annotations

Branches:
Dungeon (1/1)

Altars:
Ashenzari
Cheibriados
Dithmenos
Elyvilon
Fedhas
Gozag
Hepliaklqana
Kikubaaqudgha
Makhleb
Nemelex Xobeh
Okawaru
Qazlal
Ru
Sif Muna
Trog
Uskayaw
Vehumet
Xom
Yredelemnul
Zin
The Shining One
Beogh
Jiyva
Lugonu


Innate Abilities, Weirdness & Mutations

You cannot wear armour.
You are incapable of wielding weapons or throwing items.
Your paws allow you to move quietly. (Stealth)
You have sharp claws.
You have razor-sharp teeth.
You have supernaturally acute eyesight. (SInv)
You are carnivorous and can eat meat at any time.
You cover ground quickly.
You are covered in thick fur. (AC +2)
You have a slow metabolism.
Your sharp claws are effective at attacking unaware monsters.


Message History

There is an open door here.
The manticore flicks its tail.
The volley of spikes hits you!
The barbed spikes become lodged in your body.
Ouch! That really hurt!
The barbs in your skin will harm you if you move.
Continue? [Y]es or [N]o only, please.
The barbs in your skin will harm you if you move.
Continue?
Okay, then.
The barbs in your skin will harm you if you move.
Continue?
The barbed spikes dig painfully into your body as you move.
* * * LOW HITPOINT WARNING * * *
The steam dragon hisses angrily.
You claw the manticore!
You bite the manticore, but do no damage.
The manticore is heavily wounded.
You claw the manticore!
The manticore is severely wounded.
The manticore bites you!
You die...

##...### ##.......##
.##.##.# .###.........##
.#...#.#...#...........##
.'..†s)'...'....4D......#
.#...#4#...#...........#
.##.##.# ###.........###
##...### #.##.......##[#
#.....# #..##.....##..#
........ #...##@..##..=#
..###...# ##..†H....'..##
### #### #############


You could see a manticore, a red devil and a steam dragon.

Vanquished Creatures
  Josephine (D)
  A centaur warrior (D)
  A death yak (D)
  Urug (D)
  2 shadow wraiths (D)
  A deep troll (D)
  An unseen horror (D)
  A black mamba (D)
  A spiny frog (D)
  A rime drake (D)
  An efreet (D)
  A polar bear (D)
  A hellwing (D)
  6 blink frogs (D)
  A bog body (D)
  3 wraiths (D)
  3 redbacks (D)
  A fire bat (D)
  3 yaks (D)
  2 steam dragons (D)
  4 vampire mosquitoes (D)
  A soldier ant (D)
  A porcupine (D)
  A sky beast (D)
  An ogre (D)
  A phantom (D)
  A centaur (D)
  An eye of draining (D)
  A necrophage (D)
  A big kobold (D)
  A gnoll sergeant (D)
  A jelly (D)
  2 gnoll shamans (D)
  2 orc priests (D)
  An iguana (D)
  An orc wizard (D)
  A worker ant (D)
  A mummy (D)
  10 gnolls (D)
  An adder zombie (D)
  2 oozes (D)
  7 orcs (D)
  2 giant cockroaches (D)
  2 jackals (D)
  2 ball pythons (D)
  A frilled lizard (D)
  A jackal zombie (D)
  A rat (D)
85 creatures vanquished.

Notes
Turn   | Place    | Note
-------+----------+-------------------------------------------
     0 | D        | equalderp2856 the Felid Fighter began the quest for the Orb.
     0 | D        | Reached XP level 1. HP: 10/10 MP: 2/2
    19 | D        | Reached skill level 1 in Stealth
    32 | D        | Found a radiant altar of Vehumet.
    32 | D        | Found a hide-covered altar of Uskayaw.
    32 | D        | Found an ancient bone altar of Kikubaaqudgha.
    32 | D        | Found a viscous altar of Jiyva.
    32 | D        | Found a hazy altar of Hepliaklqana.
    33 | D        | Found a bloodstained altar of Trog.
    33 | D        | Found a deep blue altar of Sif Muna.
    33 | D        | Found a sacrificial altar of Ru.
    33 | D        | Found a stormy altar of Qazlal.
    33 | D        | Found an iron altar of Okawaru.
    33 | D        | Found a sparkling altar of Nemelex Xobeh.
    33 | D        | Found an opulent altar of Gozag.
    33 | D        | Found a blossoming altar of Fedhas.
    33 | D        | Found a white marble altar of Elyvilon.
    33 | D        | Found a shadowy altar of Dithmenos.
    33 | D        | Found a snail-covered altar of Cheibriados.
    34 | D        | Found a glowing golden altar of the Shining One.
    34 | D        | Found a glowing silver altar of Zin.
    35 | D        | Found a burning altar of Makhleb.
    35 | D        | Found a basalt altar of Yredelemnul.
    35 | D        | Found a roughly hewn altar of Beogh.
    36 | D        | Found a corrupted altar of Lugonu.
    36 | D        | Found a shimmering altar of Xom.
    36 | D        | Found a shattered altar of Ashenzari.
    86 | D        | Reached skill level 5 in Unarmed Combat
    86 | D        | Reached XP level 2. HP: 12/14 MP: 3/3
   144 | D        | Reached skill level 5 in Dodging
   144 | D        | Reached XP level 3. HP: 18/18 MP: 4/4
   242 | D        | Noticed a sky beast
   851 | D        | Killed a sky beast
   851 | D        | Reached skill level 5 in Stealth
   851 | D        | Reached XP level 4. HP: 10/22 MP: 5/5
   851 | D        | Reached XP level 5. HP: 12/25 MP: 6/6
  1095 | D        | Noticed a centaur
  1104 | D        | Noticed a porcupine
  1206 | D        | Reached skill level 5 in Fighting
  1235 | D        | Killed a centaur
  1235 | D        | Reached skill level 10 in Unarmed Combat
  1235 | D        | Gained mutation: You are covered in thick fur. (AC +2) [Felid growth]
  1235 | D        | Reached XP level 6. HP: 28/30 MP: 7/7
  1242 | D        | HP: 1/30 [porcupine's spines (15)]
  1267 | D        | Killed a porcupine
  1437 | D        | Noticed a deep troll
  1439 | D        | Killed a deep troll
  1439 | D        | Reached skill level 10 in Dodging
  1439 | D        | Reached XP level 7. HP: 33/33 MP: 8/8
  1441 | D        | Noticed Josephine
  1441 | D        | Noticed a wraith
  1441 | D        | Noticed a wraith
  1441 | D        | Noticed a wraith
  1451 | D        | Killed a wraith
  1451 | D        | Reached XP level 8. HP: 37/37 MP: 9/9
  1457 | D        | HP: 1/37 [Josephine/ghostly fireball (26)]
  1466 | D        | Killed Josephine
  1471 | D        | Reached XP level 9. HP: 30/41 MP: 10/10
  1504 | D        | Reached skill level 15 in Unarmed Combat
  1835 | D        | Noticed a hellwing
  1836 | D        | Noticed a black mamba
  1866 | D        | Killed a black mamba
  1897 | D        | Killed a hellwing
  1897 | D        | Reached skill level 15 in Stealth
  2224 | D        | Noticed a shadow wraith
  2224 | D        | Noticed a spiny frog
  2262 | D        | Killed a shadow wraith
  2304 | D        | Killed a spiny frog
  2309 | D        | Reached XP level 10. HP: 25/46 MP: 11/11
  2458 | D        | Noticed a death yak
  2556 | D        | Killed a death yak
  2917 | D        | Noticed a centaur warrior
  2927 | D        | Killed a centaur warrior
  2933 | D        | Demolished by a red devil
  2934 | D        | Reached XP level 9. HP: -15/43 MP: 10/10
  2953 | D        | Noticed Urug
  2953 | D        | Noticed a shadow wraith
  2954 | D        | Noticed a polar bear
  2954 | D        | Noticed an unseen horror
  2964 | D        | Reached XP level 10. HP: 46/47 MP: 11/11
  2980 | D        | Killed a shadow wraith
  3042 | D        | Killed an unseen horror
  3051 | D        | Killed Urug
  3307 | D        | Noticed a manticore
  3325 | D        | Slain by a manticore
  3326 | D        | Reached XP level 9. HP: -2/43 MP: 10/10
  3360 | D        | Slain by a manticore

Skill      XL: |  1  2  3  4  5  6  7  8  9 10 |
---------------+-------------------------------+-----
Stealth        | 2 3 5 8 11 12 13 15 19 | 19.3
Unarmed Combat | 5 6 8 10 13 14 16 19 | 19.4
Dodging        | 5 6 8 10 11 12 14 | 14.8
Fighting       | 4 5 6 7 |  7.6

Action                   |  1- 3 |  4- 6 |  7- 9 | 10-12 || total
-------------------------+-------+-------+-------+-------++-------
Melee: Unarmed           |    50 |    41 |   112 |   164 ||   367
       Bite              |     7 |     3 |    14 |    18 ||    42
       Punch             |     1 |     1 |     8 |    16 ||    26
  Use: Potion            |       |     2 |     5 |     9 ||    16
 Stab: Sleeping          |     2 |     2 |     2 |     3 ||     9
       Distracted        |       |       |       |     1 ||     1
  Eat: Chunk             |     1 |     1 |       |     8 ||    10
Armor: Skin              |       |     1 |     1 |     3 ||     5
Dodge: Dodged            |    37 |    22 |   141 |   146 ||   346
